AoeStats
← SuckinFahts

MegaRandom

506556856Analyzed
1v1 RM · 19d ago on Sep 14, 2026· 32m 12s· 2 players
Game mode
Random Map
Map size
Tiny (2 player)
Population
200
Speed
Normal
Resources
Standard
Victory
Conquest
Starting age
Dark Age
Ending age
Imperial Age
RankedLock teamsTeams togetherTeam positionsShared explorationLock speedFull tech treeHidden civsTurbo modeCheats
Victory
Defeat
🇺🇸 Teutons · United States
870
+17
🇺🇸 Vietnamese · United States
899
-17
TheMonkNextDoor
8:29 Loom
11:00 Feudal Age
16:04 Castle Age
15:12 Bloodlines
15:44 Double-Bit Axe
22:48 Stone Mining
24:32 Scale Barding Armor
30:15 Horse Collar
SuckinFahts
7:19 Loom
11:55 Feudal Age
14:33 Wheelbarrow
13:45 Double-Bit Axe
13:43 Horse Collar
22:05 Castle Age
21:27 Fletching
23:20 Hand Cart
23:17 Bow Saw
23:09 Heavy Plow
23:15 Pikeman
25:06 Town Watch
28:12 Forging
32:31 Iron Casting
Connection lost

Rejoining the realm…

Still unreachable

The connection could not be restored.

Session expired

The server has moved on; the page needs a fresh start.